[Event "Early-Titled-Tuesday-Blitz-September-12-2023"]
[Site "Chess.com"]
[Date "2023.09.12"]
[Round "4"]
[White "Rosh1610"]
[Black "MANOJ_MISHRA123"]
[Result "1-0"]
[WhiteElo "2434"]
[BlackElo "2216"]
[TimeControl "180+1"]
[EndTime "8:39:44 PDT"]
[Termination "Rosh1610 won on time"]

1. e4 c6 2. Nc3 d5 3. Nf3 g6 4. d4 Bg7 5. Bd3 Bg4 6. e5 e6 7.
h3 Bxf3 8. Qxf3 Ne7 9. Bg5 a6 10.
g4 Nd7 11. Ne2 c5 12. c3 Qb6 13. b3 cxd4 14. cxd4 Nc6 15. Be3 Bxe5 16. O-O Nxd4 17. Nxd4 Bxd4 18. Bxd4 Qxd4 19. Rad1 Qg7 20. Qg3 O-O 21.
Rfe1 Rac8 22. Bb1 Rc3 23. Qd6 Nb8 24. Kg2 Rfc8 25. Bd3 Qf8 26. Qf4 Nc6 27. Be2 e5 28.
Qf6 d4 29. Bf3 Qg7 30. Qd6 Qh6 31. Qd7 Rd8 32. Qxb7 Rxf3 33. Kxf3 Qxh3+ 34. Ke2 Qxg4+ 35. Kd2 Qf3 36. Kc1 d3 37. Rd2 Qd5 38. Kb1 e4 39. Rc1 Nb4 40. Qxd5 Rxd5 41. Rc4 Nc2 42. Rxe4 Na3+ 43.
Kb2 Nb5 44. Re3 f5 45. Rexd3 Re5 46. Rd8+ Kg7 47. a4 Nc7 48. R8d7+ Kf6 49. Rxc7 h5 50. Rc6+ Kg5 51. Rdd6 h4 52. Rxg6+ Kf4 53. Rc4+ Kf3 54. Rxh4 Kxf2 55. Rf4+ Ke3 56. Rxf5 Rxf5 57. Rxa6 Kd4 58. Rc6 Rf2+ 59. Rc2 Rf3 60. Ka3 Kd3 61. Rc4 1-0

[Event "Early-Titled-Tuesday-Blitz-September-12-2023"]
[Site "Chess.com"]
[Date "2023.09.12"]
[Round "4"]
[White "TERMINATOR_PC"]
[Black "jens1102"]
[Result "1-0"]
[WhiteElo "2534"]
[BlackElo "2676"]
[TimeControl "180+1"]
[EndTime "8:39:48 PDT"]
[Termination "TERMINATOR_PC won by checkmate"]

1. e4 e6 2. d4 d5 3. Nc3 Nf6 4. Bg5 dxe4 5. Nxe4 Be7 6. Bxf6 Bxf6 7. Nf3 O-O 8. Qd2 b6 9. O-O-O Bb7 10. Bd3 Nd7 11. h4 c5 12. Qf4 cxd4 13. Rh3 Nc5 14. Nxf6+ Qxf6 15. Qxf6 gxf6 16. Nxd4 Rfd8 17. c3 Rac8 18. Bc2 f5 19. f3 a5 20. h5 a4 21. a3 Bd5 22. h6 Kf8 23. Rg3 Ke7 24. Rg7 Rg8 25. Nxf5+ Kf6 26. Nd6 Rcf8 27. Bxh7 Rxg7 28.
hxg7 Kxg7 29. Be4 Bxe4 30. Nxe4 Nb3+ 31. Kc2 f5 32. Rd7+ Kg6 33. Nd2 Nc5 34. Rd6 Rb8 35.
b4 axb3+ 36. Nxb3 Na4 37. Rxe6+ Kf7 38. Rc6 Rg8 39. Nd4 Rxg2+ 40. Kb3 Nc5+ 41. Kc4 Nd7 42. Rc7 Ke8 43. f4 Kd8 44. Ne6+ Ke7 45. Nf8 Kxf8 46.
Rxd7 Rf2 47. Rd4 Ke7 48. Kd5 Re2 49. Kc6 Rc2 50. Kxb6 Rxc3 51. a4 Rb3+ 52. Ka6 Kf6 53. a5 Kg6 54. Ka7 Kh5 55. a6 Kg4 56. Ka8 Kf3 57.
a7 Ke3 58. Ra4 Kf3 59. Rc4 Ke3 60. Rc7 Kxf4 61. Rb7 Rh3 62. Rc7 Ke4 63. Kb7 Rb3+ 64. Kc6 Rc3+ 65. Kb6 Rb3+ 66. Ka5 Ra3+ 67. Kb5 f4 68.
Rc4+ Ke5 69. Ra4 Rb3+ 70. Kc4 Rb1 71. a8=Q Rc1+ 72. Kd3 Rd1+ 73. Ke2 Rd5 74. Qxd5+ Kxd5 75. Rxf4 Ke5 76. Kf3 Kd5 77. Ke3 Ke5 78. Re4+ Kd5 79. Kd3 Kc5 80. Re5+ Kd6 81. Kd4 Kc6 82. Re6+ Kd7 83.
Kd5 Kc7 84. Re7+ Kc8 85. Kc6 Kd8 86. Kd6 Kc8 87. Rd7 Kb8 88. Kc6 Ka8 89. Kb6 Kb8 90.
Rd8# 1-0

[Event "Early-Titled-Tuesday-Blitz-September-12-2023"]
[Site "Chess.com"]
[Date "2023.09.12"]
[Round "4"]
[White "arenal72"]
[Black "FuenfgegenWilly"]
[Result "0-1"]
[WhiteElo "2512"]
[BlackElo "2362"]
[TimeControl "180+1"]
[EndTime "8:39:56 PDT"]
[Termination "FuenfgegenWilly won on time"]

1. d3 e5 2. c4 Nc6 3. Nc3 Bb4 4. g3 Bxc3+ 5. bxc3 f5 6. Bg2 Nf6 7. Nf3 O-O 8. O-O d6 9. Ba3 Qe8 10. d4 e4 11. Nd2 Na5 12. e3 b6 13. c5 Qc6 14.
cxd6 cxd6 15. c4 Ba6 16. d5 Qc7 17. Rc1 Rac8 18. Qa4 Qd7 19. Qxd7 Nxd7 20. Bxd6 Rf6 21. Be7 Rf7 22. Bb4 Nxc4 23. Rfd1 Nde5 24. Bf1 Nxd2 25. Bxa6 Ndf3+ 26. Kg2 Rd8 27. d6 Rf6 28. d7 Rxd7 29.
Rc8+ Kf7 30. Bc4+ Kg6 31. Rxd7 Nxd7 32. Be7 Nfe5 33. Bxf6 Kxf6 34. Bb5 Nc5 35. Rc7 a6 36. Be2 h6 37. Rc8 a5 38. Rb8 Ned7 39. Rc8 Ke6 40.
Bb5 Kd6 41. Rg8 Ne6 42. Kf1 Ndc5 43. Ke2 g5 44. Rg6 h5 45. h4 gxh4 46. gxh4 Ke5 47.
Rh6 f4 48. Rxh5+ Kf6 49. Rh6+ Kg7 50. Rh5 Kg6 51. Rd5 Kf6 52. Bc4 Ke7 53. Re5 f3+ 54.
Kd2 Kf6 55. Rh5 Ng7 56. Rh6+ Ke5 57. Rxb6 Nf5 58. Rb5 Kd6 59. Rxa5 Nxh4 60. a4 Ng6 61. Ra8 Ne5 62. Rb8 Nxc4+ 63. Kc3 Ne5 64. a5 Nc6 65. Rb5 Ne6 66. Kc4 Nc7 67. Rb6 Kd7 68. Kc5 Ne6+ 69. Kd5 Nc7+ 0-1

[Event "Early-Titled-Tuesday-Blitz-September-12-2023"]
[Site "Chess.com"]
[Date "2023.09.12"]
[Round "4"]
[White "Lennis93"]
[Black "Just_Lucky_1"]
[Result "1-0"]
[WhiteElo "2748"]
[BlackElo "2539"]
[TimeControl "180+1"]
[EndTime "8:39:57 PDT"]
[Termination "Lennis93 won by resignation"]

1. Nf3 Nf6 2. c4 e6 3. Nc3 d5 4. cxd5 exd5 5. d4 c6 6. Bg5 Nbd7 7. e3 Be7 8. Bd3 O-O 9. Qc2 Re8 10. O-O-O Nf8 11.
Ne5 N6d7 12. Bf4 a5 13. h4 a4 14. h5 Qa5 15. h6 g6 16. a3 Nxe5 17. Bxe5 b5 18.
Na2 b4 19. Nxb4 Bxb4 20. axb4 Qxb4 21. Qc3 Qb6 22. Bd6 Ba6 23. Bc5 Qb7 24. Bc2 Bc4 25.
e4 Ne6 26. Ba3 Nf4 27. Kb1 Rab8 28. Rd2 Bb3 29. e5 Bxc2+ 30. Rxc2 Qb3 31. Qxb3 Rxb3 32.
Rxc6 Ne2 33. Rd1 Reb8 34. Rd2 Nf4 35. Kc2 Ne6 36. g3 Ng5 37. Rd3 Ne4 38. Rxb3 axb3+ 39. Kd3 Nxf2+ 40. Ke3 Ng4+ 41. Kf4 Nxh6 42. g4 Kg7 43. Rc5 Rd8 44. Rb5 Rc8 45. Be7 Ng8 46. Bc5 Ra8 47. Rxb3 Ra1 48. Rb7 Rf1+ 49. Ke3 Rg1 50. Kf3 h5 51. gxh5 gxh5 52. Kf2 Rg6 53. Rb3 Nh6 54. Rh3 Ng4+ 55. Kf3 Rh6 56. b4 Rh8 57. b5 Kg6 58. b6 Rb8 59. Kf4 Nh6 60. Rb3 Rb7 61. Ra3 Nf5 62.
Ra7 Rb8 63. b7 h4 64. Kg4 h3 65. Kxh3 Kg5 66. Kg2 Kf4 67. Bd6 Nxd6 68. exd6 Kf5 69.
d7 Ke6 70. Ra8 Kxd7 71. Rxb8 Kc7 72. Rf8 Kxb7 73. Rxf7+ Kc6 74. Kf3 Kb5 75. Kf4 Kc4 76. Ke5 1-0

[Event "Early-Titled-Tuesday-Blitz-September-12-2023"]
[Site "Chess.com"]
[Date "2023.09.12"]
[Round "4"]
[White "WiktoriaPOL"]
[Black "kleopl"]
[Result "0-1"]
[WhiteElo "2300"]
[BlackElo "2513"]
[TimeControl "180+1"]
[EndTime "8:39:57 PDT"]
[Termination "kleopl won by resignation"]

1. c4 Nf6 2. Nc3 d5 3. cxd5 Nxd5 4. g3 e5 5. Bg2 Nb6 6. Nf3 Nc6 7. d3 Be7 8. O-O O-O 9. Be3 Re8 10. Rc1 Bf8 11. a3 h6 12. b4 a6 13. Qb3 Be6 14. Qb2 Qd7 15. Ne4 Na4 16. Qc2 Nb6 17. Qb2 f6 18. Nc5 Bxc5 19. bxc5 Nd5 20. Bd2 Rab8 21. Nh4 Bh3 22. Qb3 Bxg2 23. Nxg2 Nd4 24. Qd1 Qg4 25.
Re1 b5 26. Ne3 Nxe3 27. Bxe3 Nf5 28. Bd2 c6 29. Qb3+ Kh7 30. e3 Rbd8 31. Red1 Qe2 32. Be1 Rd5 33. Qc2 Qxc2 34. Rxc2 Rd7 35. Ba5 Ne7 36.
Kf1 Ng6 37. Ke2 Nf8 38. h4 Ne6 39. Bb6 Rd5 40. Rc3 Re7 41. Rdc1 Red7 42. R1c2 f5 43. Rc1 Kg6 44. R1c2 Kh5 45. Ra2 Kg4 46. a4 b4 47.
Rc4+ Kh5 48. Rd2 b3 49. Rc3 Kg6 50. Rxb3 Nxc5 51. Bxc5 Rxc5 52. Rb6 Ra5 53. Ra2 Rd6 54. Kd2 Kf6 55. Ra3 Ke6 56. Kc3 g5 57. d4 exd4+ 58.
exd4 gxh4 59. gxh4 Rad5 60. Rxa6 Rxd4 61. Rxc6 Rd3+ 62.
Kb2 Rd2+ 63. Kc1 Rd1+ 64. Kc2 Rd2+ 65. Kc1 Rd4 66. Rxd6+ Kxd6 67. a5 Kc7 68. a6 Kb8 69. h5 Rh4 70. Ra5 Rxh5 71. Kd2 Ka7 72. Ke3 f4+ 73.
Kxf4 Rxa5 74. Kg4 Kxa6 75. f4 Kb6 76. f5 Kc7 77. f6 Kd7 78. f7 Ke7 0-1

[Event "Early-Titled-Tuesday-Blitz-September-12-2023"]
[Site "Chess.com"]
[Date "2023.09.12"]
[Round "4"]
[White "Firouzja2003"]
[Black "PLAYER_2006_M"]
[Result "0-1"]
[WhiteElo "3057"]
[BlackElo "2877"]
[TimeControl "180+1"]
[EndTime "8:40:03 PDT"]
[Termination "PLAYER_2006_M won on time"]

1. e4 e5 2. Nf3 Nc6 3. Bb5 a6 4.
Ba4 Nf6 5. O-O Nxe4 6. d4 b5 7. Bb3 d5 8. dxe5 Be6 9. Be3 Be7 10. c3 O-O 11. Re1 f6 12. exf6 Bxf6 13. Nbd2 Nxd2 14. Qxd2 Bf7 15. Bc5 Re8 16. Rxe8+ Qxe8 17. Bxd5 Rd8 18. Bxf7+ Qxf7 19. Qf4 Qxa2 20. Re1 Qd5 21. Qe3 Ne5 22. Nxe5 Bxe5 23. g3 Bf6 24. Qe6+ Qxe6 25. Rxe6 Rd2 26. b4 Bxc3 27. Rxa6 Bd4 28. Ra8+ Kf7 29. Ra7 Bxc5 30. bxc5 Rd7 31. Rb7 Ke6 32. Rxb5 Kd5 33. Ra5 Kc6 34.
f4 Rd5 35. Ra8 Kxc5 36. Rh8 h6 37. Rh7 Rd7 38. f5 Kd6 39. f6 gxf6 40. Rxh6 Ke6 41.
Rh5 Rd5 42. Rh8 c5 43. Kf2 Rd2+ 44. Kf3 c4 45. h4 c3 46. Rc8 c2 47. h5 Rh2 48. g4 Kd7 49. Rc4 Ke6 50. Kg3 Rd2 51.
Rc8 Kf7 52. Rc7+ Kg8 53. Kf4 Rf2+ 54. Ke3 Rh2 55. Ke4 Rf2 56. Ke3 Rh2 57. Kf3 Rd2 58. Rc6 Kg7 59. Ke4 Rf2 60. Ke3 Rh2 61. Kf4 Rf2+ 62.
Kg3 Rd2 63. Rc7+ Kg8 64. Kf4 Rf2+ 65. Ke4 Kh8 66. Kd5 Re2 67. Kd6 Kg8 68. Kd5 Kh8 69. Kd4 Kg8 70. Kd3 Rg2 0-1

[Event "Early-Titled-Tuesday-Blitz-September-12-2023"]
[Site "Chess.com"]
[Date "2023.09.12"]
[Round "4"]
[White "platy3"]
[Black "sergeikim"]
[Result "1-0"]
[WhiteElo "2909"]
[BlackElo "2581"]
[TimeControl "180+1"]
[EndTime "8:40:06 PDT"]
[Termination "platy3 won on time"]

1. e4 e5 2. Nf3 Nc6 3. Bc4 Bc5 4. c3 Nf6 5. d4 exd4 6. b4 Bb6 7. e5 d5 8. exf6 dxc4 9. Qe2+ Be6 10. b5 Na5 11.
fxg7 Rg8 12. cxd4 Rxg7 13. O-O Qd7 14. Nc3 O-O-O 15. Bf4 Rdg8 16. Bg3 Bg4 17. Rad1 h5 18. Rfe1 Qf5 19. Kh1 Bxf3 20. Qxf3 Qxf3 21. gxf3 f6 22. Nd5 Rf8 23. Bh4 Rgf7 24. Re6 f5 25. Nc3 Rd7 26. Bf6 c6 27. Be5 Rfd8 28. bxc6 Nxc6 29. d5 Nxe5 30. Rxe5 Ba5 31. Ne2 b5 32. d6 a6 33. a4 c3 34.
axb5 Rxd6 35. Rxd6 Rxd6 36. bxa6 Rxa6 37. Nxc3 Bxc3 38.
Rc5+ Kd7 39. Rxc3 Ke6 40. Kg2 Kf6 41. Rc8 Kg5 42. Rg8+ Kf6 43. h4 Ra4 44. Kg3 f4+ 45. Kh3 Ra5 46. Rf8+ Ke5 47. Rf7 Rb5 48. Rg7 Kf6 49.
Rg8 Ra5 50. Kg2 Rb5 51. Rf8+ Ke5 52. Rf7 Ra5 53. Kf1 Rb5 54. Rc7 Ra5 55. Rc2 Kf6 56.
Ke2 Ra1 57. Rc6+ Kg7 58. Rc5 Kg6 59. Rg5+ Kh6 60. Rf5 Ra4 61. Rf6+ Kg7 62. Rb6 Rc4 63.
Kd3 Rc1 64. Ke4 Rh1 65. Kxf4 Rxh4+ 66. Kg5 Rh2 67. Rb7+ Kf8 68. Kf6 Kg8 69. Rb2 Rh3 70. f4 Rf3 71. f5 h4 72. Kg6 Kf8 73. f6 Ke8 74. f7+ Ke7 75. Re2+ Kd7 76. Re8 h3 77.
f8=Q 1-0

[Event "Early-Titled-Tuesday-Blitz-September-12-2023"]
[Site "Chess.com"]
[Date "2023.09.12"]
[Round "4"]
[White "maracayo"]
[Black "Saif_Malek04"]
[Result "1-0"]
[WhiteElo "2445"]
[BlackElo "2624"]
[TimeControl "180+1"]
[EndTime "8:40:06 PDT"]
[Termination "maracayo won by checkmate"]

1. e4 e5 2. Nf3 Nc6 3. Bb5 a6 4. Ba4 Nf6 5. O-O Be7 6. Re1 b5 7. Bb3 O-O 8. h3 d6 9. c3 Na5 10. Bc2 c5 11. d4 Qc7 12. dxe5 dxe5 13. Nbd2 Rd8 14. Qe2 Bf8 15. b3 g6 16. Nf1 Bg7 17.
Bg5 h6 18. Bxf6 Bxf6 19. Ne3 Bb7 20. Rad1 h5 21. Nd5 Bxd5 22. exd5 Re8 23. d6 Qb6 24. d7 Re6 25. Nd2 Rd8 26. Ne4 Bg7 27. Qe3 Nb7 28. b4 Bf8 29. Ng5 Re7 30. Bb3 Bh6 31.
f4 Bxg5 32. fxg5 Rdxd7 33. Rxd7 Rxd7 34. Qxe5 cxb4+ 35. Kh1 Qd8 36. Qe8+ Kg7 37. cxb4 Nd6 38. Qe5+ Kg8 39. Rd1 Nf5 40. Rxd7 Qxd7 41. Qf6 Qd6 42. Qxd6 Nxd6 43. Bd5 Kf8 44. g4 hxg4 45. hxg4 Ke7 46.
Kg2 Nc4 47. Kf3 Ne5+ 48. Kf4 Nd7 49. Bb7 Nb8 50. Ke5 Ke8 51. Kd6 Kd8 52. a3 Ke8 53. Kc7 Nd7 54. Bc6 Ke7 55. Bxd7 f5 56. gxf6+ Kxf6 57. Bc8 Kg5 58. Kb6 Kf4 59. Kxa6 g5 60. Kxb5 Ke4 61.
a4 Kd4 62. a5 Ke3 63. a6 Kf4 64. a7 Kg3 65. a8=Q Kh4 66. Qe4 Kg3 67. Qf5 Kh4 68. Kc5 Kg3 69. Kd4 Kg2 70. Qxg5 Kg3 71. Ke4 Kh3 72.
Qe3+ Kh4 73. g5 Kh5 74. Qh3+ Kg6 75. Qg4 Kg7 76. Qe6 Kh7 77. Kf5 Kg7 78. Qe7+ Kg8 79.
Kg6 Kh8 80. Qg7# 1-0

[Event "Early-Titled-Tuesday-Blitz-September-12-2023"]
[Site "Chess.com"]
[Date "2023.09.12"]
[Round "4"]
[White "Vladimir_Zakhartsov"]
[Black "LoydBlankenship"]
[Result "1-0"]
[WhiteElo "2893"]
[BlackElo "2636"]
[TimeControl "180+1"]
[EndTime "8:40:10 PDT"]
[Termination "Vladimir_Zakhartsov won on time"]

1. d4 Nf6 2. c4 g6 3. Nc3 Bg7 4. e4 O-O 5. Be3 d6 6. h3 a6 7. Nf3 c6 8. Bd3 b5 9. O-O Bb7 10. Re1 Nfd7 11. a3 bxc4 12. Bxc4 Nb6 13. Ba2 N8d7 14. Bf4 c5 15. Be3 Rc8 16. Rc1 h6 17.
Qd2 Kh7 18. Rcd1 cxd4 19. Bxd4 Nc4 20. Bxc4 Rxc4 21. Bxg7 Kxg7 22. Nd5 Nc5 23. Nd4 Nxe4 24. Rxe4 Bxd5 25. Rh4 Rh8 26. b3 Rc7 27. Nf5+ gxf5 28. Qxd5 Rc5 29. Qd4+ f6 30. b4 Re5 31. Qd3 Qd7 32.
Qxa6 Qe6 33. Qa7 Kf7 34. Qd4 Rc8 35. Rxh6 Re1+ 36. Kh2 Rxd1 37. Qxd1 Qe5+ 38. g3 Rc3 39. Rh7+ Ke6 40. Qd2 Rxa3 41. Qc2 Qd4 42. Qe2+ Qe4 43. Qb5 Ra2 44. Qf1 Rb2 45. Rh4 Qe2 46. Qxe2+ Rxe2 47. Kg2 Rb2 48. Rd4 Ke5 49. Rf4 d5 50. h4 d4 51. h5 Rxb4 52. h6 Rb8 53. Rh4 Rh8 54. Kf3 Kd5 55. Rh5 e6 56. g4 Kc4 57. gxf5 e5 58. Ke4 d3 59. Rh1 Rd8 60. Ke3 d2 61.
Ke2 Kc3 62. Kd1 Rh8 63. Rh3+ Kd4 64. Kxd2 Ke4 65. Rh5 Kf4 66. Kd3 Kg4 67. Rh1 Kxf5 68. Kc4 Rh7 69. Kd5 Kg5 70. Ke6 e4 71. Rg1+ Kf4 72.
Rg6 f5 73. Kf6 Rh8 74. Kg7 Re8 75. h7 Kf3 76. Rf6 Kxf2 77. Rxf5+ Ke2 78. Re5 Re6 79. h8=Q Rxe5 80. Qh2+ Kd3 81. Qxe5 1-0

[Event "Early-Titled-Tuesday-Blitz-September-12-2023"]
[Site "Chess.com"]
[Date "2023.09.12"]
[Round "4"]
[White "Chessmissile07"]
[Black "MBA_CHESS_2021"]
[Result "0-1"]
[WhiteElo "2873"]
[BlackElo "2144"]
[TimeControl "180+1"]
[EndTime "8:40:11 PDT"]
[Termination "MBA_CHESS_2021 won by checkmate"]

1. e4 e5 2. Nf3 Nc6 3. Bc4 Nf6 4. O-O Be7 5. d4 d6 6. dxe5 Nxe5 7. Nxe5 dxe5 8.
Qxd8+ Bxd8 9. f3 O-O 10. Be3 Be7 11. a4 Bd7 12. Rd1 Bc6 13. Nc3 a6 14. Kf2 Rfd8 15. Nd5 Nxd5 16. exd5 Be8 17. a5 Bd6 18. c3 f5 19. b4 f4 20. Bc1 g5 21. Ra2 Bg6 22. Re2 Kg7 23. Bb2 Kf8 24. Bd3 Kg7 25. Bxg6 Kxg6 26. Re4 Kf5 27. g4+ fxg3+ 28. hxg3 h5 29. Rh1 Kg6 30. Bc1 Rf8 31. c4 g4 32. c5 Rxf3+ 33. Kg2 Raf8 34. Be3 Be7 35. Rxe5 Bf6 36. Re6 c6 37. Rd1 cxd5 38. Rxd5 Kf7 39. Re4 Kg6 40.
Rd6 Kf5 41. Rf4+ Rxf4 42. Bxf4 Re8 43. Rd7 Re2+ 44. Kf1 Rb2 45. Rxb7 Ke4 46. c6 Bd4 47. c7 Kf3 48. Ke1 Rc2 49. Rb8 Be3 50. Bxe3 Rxc7 51. Bd2 Re7+ 52. Kf1 Kxg3 53. Rb6 h4 54. Rxa6 h3 55.
Rb6 h2 56. Rh6 Rf7+ 57. Ke2 Kg2 58. Be3 g3 59. a6 Rf1 60. a7 Ra1 61. b5 Ra2+ 62. Kd3 Ra3+ 63. Ke4 Ra4+ 64. Bd4 Kf1 65. b6 g2 66. Rf6+ Ke2 67. Rf2+ Ke1 68. Rxg2 h1=Q 69.
Kf3 Ra3+ 70. Be3 Rxe3+ 71. Kxe3 Qxg2 72. Kd4 Qc6 73. Ke5 Qb5+ 74. Kd6 Qxb6+ 75. Kd7 Qxa7+ 76. Kd6 Qa5 77. Ke6 Ke2 78. Kf6 Ke3 79. Ke6 Ke4 80.
Kf6 Qe5+ 81. Kf7 Qd6 82. Kg7 Kf5 83. Kh7 Kg5 84. Kh8 Qe7 85. Kg8 Kg6 86. Kh8 Qh7# 0-1

[Event "Early-Titled-Tuesday-Blitz-September-12-2023"]
[Site "Chess.com"]
[Date "2023.09.12"]
[Round "4"]
[White "Kacparov"]
[Black "MatyChess1"]
[Result "0-1"]
[WhiteElo "2904"]
[BlackElo "2701"]
[TimeControl "180+1"]
[EndTime "8:40:24 PDT"]
[Termination "MatyChess1 won by resignation"]

1. e4 c6 2. d4 d5 3. Nc3 dxe4 4.
Nxe4 Nf6 5. Nxf6+ exf6 6. c3 Bd6 7. Bd3 O-O 8. Ne2 Re8 9. Qc2 h5 10.
Bd2 Nd7 11. O-O-O Nf8 12. Ng3 g6 13. Rhe1 Bg4 14. f3 Be6 15. Kb1 b5 16. Ne4 Be7 17.
h3 h4 18. Be3 a5 19. Nc5 Bd5 20. Bf2 f5 21. Re2 Bf6 22. Rxe8 Qxe8 23. Re1 Qd8 24. Qd2 a4 25. a3 Ne6 26. Nxe6 Bxe6 27. Be3 Qd5 28. Kc1 Qd8 29. Bf4 Ra7 30. Be5 Bg5 31. Bf4 Bf6 32. g4 hxg3 33. Bxg3 Bd5 34. Qf2 Re7 35.
Rxe7 Qxe7 36. h4 f4 37. Bxf4 Bxh4 38. Qe2 Qxe2 39. Bxe2 f6 40. Kd2 Kf7 41. Ke3 Ke6 42. Bd3 g5 43. Bc7 f5 44. Be2 Be1 45. Bd3 Bh4 46.
Bd8 Kd7 47. Bf6 Ke6 48. Be5 Be1 49. Ke2 Bh4 50. Bc7 g4 51. fxg4 fxg4 52. Kf1 Bg5 53. Ba5 Bc1 54. Bb4 Bxb2 55. Kf2 Bc1 56. Kg3 Bf3 57.
Bg6 Bd2 58. Kf2 Bf4 59. Be8 Bd6 60. Bxd6 Kxd6 61. Bf7 c5 62. dxc5+ Kxc5 63. Ke3 Bd5 64. Be8 Kc4 65. Kf4 Be6 66. Bc6 Bc8 67. Kg3 Kxc3 68.
Bxb5 Kb3 69. Kf2 Kxa3 70. Ke3 Kb4 71. Bc6 a3 72. Bd5 Bd7 73. Kd2 Bb5 74. Kc2 Bc4 75. Be4 Kc5 76. Kc3 g3 77. Bg2 a2 78. Kb2 Kd4 79.
Bh3 Ke3 80. Bg2 Kf2 81. Bc6 Be6 82. Ka1 Bc4 83. Kb2 Bg8 84. Ka1 Bf7 85. Kb2 Be8 86. Bd5 Bd7 87. Bb7 Be6 88. Bc6 Bh3 89. Kxa2 Bg2 90.
Bd7 Be4 91. Bh3 Bf5 92. Bxf5 g2 93. Kb2 g1=Q 94. Bc2 Qe1 95. Kb3 Qe5 96. Kc4 Ke3 97. Ba4 Qd4+ 98. Kb5 Kd2 99. Bb3 Kc3 100. Ba2 Qb4+ 101. Kc6 Qa4+ 0-1

[Event "Early-Titled-Tuesday-Blitz-September-12-2023"]
[Site "Chess.com"]
[Date "2023.09.12"]
[Round "4"]
[White "masterofpuppets2"]
[Black "Iunusovnuriddin"]
[Result "1/2-1/2"]
[WhiteElo "2499"]
[BlackElo "2329"]
[TimeControl "180+1"]
[EndTime "8:40:29 PDT"]
[Termination "Game drawn - insufficient material"]

1. d4 Nf6 2. c4 g6 3. f3 Bg7 4.
e4 d6 5. Nc3 O-O 6. Be3 c5 7. Nge2 b6 8. Qd2 Ba6 9. b3 e6 10. Rd1 Nc6 11. Nb5 e5 12. dxc5 dxc5 13. Nec3 Nd4 14. Bd3 Bxb5 15. cxb5 Qe7 16. O-O Rfd8 17.
Qf2 Rd7 18. Bc4 Rad8 19. Kh1 h6 20. Rd2 Bf8 21. Rfd1 Rd6 22. Qg3 Kh7 23. Qh3 R8d7 24. a4 Qd8 25. Bg5 Be7 26. Qxh6+ Kg8 27. Qxg6+ Kh8 28. Bxf7 Bf8 29. Bc4 Rg7 30. Qh6+ Rh7 31. Qg6 Rg7 32. Bxf6 Rxf6 33. Qh5+ Rh7 34. Qxe5 Bd6 35.
Qd5 Rxh2+ 36. Kg1 Rg6 37. Qf7 Qg5 38. Qe8+ Kh7 39. Qf7+ Rg7 40. Qd5 Rxg2+ 41. Kf1 Rg1+ 42. Kf2 Qg2+ 43. Ke3 Qg5+ 44. Qxg5 R1xg5 45. Rh2+ Kg6 46. Re1 Bxh2 47. Rd1 Bf4+ 48. Kxf4 Kf6 49. Nd5+ Kg6 50. Rh1 Rh5 51. Rg1+ Kh6 52. Rd1 Rg2 53. Ne7 Rh3 54.
Nf5+ Nxf5 55. Kxf5 Rgg3 56. f4 Rxb3 57. e5 Rb4 58.
Rd6+ Kg7 59. Bd5 Rf3 60. Ke6 Rfxf4 61. Rd7+ Kg6 62. Kd6 Rbd4 63. e6 Rf6 64. Ke5 Rd1 65. e7 Re1+ 66. Be4+ Rxe4+ 67. Kxe4 Re6+ 68. Kd5 Re1 69. Kd6 Kf7 70. Rxa7 Rxe7 71. Ra6 Re6+ 72. Kc7 Ke7 73.
Rxb6 Rxb6 74. Kxb6 c4 75. a5 c3 76. a6 c2 77. a7 c1=Q 78. a8=Q Qg1+ 79. Ka6 Qa1+ 80. Kb7 Qh1+ 81. Kb8 Qh8+ 82. Ka7 Qa1+ 83. Kb7 Qh1+ 84. Kb8 Qh2+ 85. Ka7 Qa2+ 86. Kb7 Qd5+ 87. Ka7 Qxb5 88. Qb7+ Qxb7+ 89. Kxb7 1/2-1/2

[Event "Early-Titled-Tuesday-Blitz-September-12-2023"]
[Site "Chess.com"]
[Date "2023.09.12"]
[Round "4"]
[White "ferrufino64"]
[Black "DvaHrasta"]
[Result "1-0"]
[WhiteElo "2283"]
[BlackElo "2471"]
[TimeControl "180+1"]
[EndTime "8:40:34 PDT"]
[Termination "ferrufino64 won on time"]

1. e4 c6 2. d4 d5 3. Nc3 dxe4 4. Nxe4 Bf5 5. Ng3 Bg6 6. h4 h6 7. Nf3 Nd7 8. h5 Bh7 9. Bd3 Bxd3 10. Qxd3 e6 11.
Bd2 Ngf6 12. O-O-O Be7 13. Ne4 Nxe4 14. Qxe4 Nf6 15.
Qe2 Qd5 16. c4 Qe4 17. Be3 O-O 18. Nd2 Qf5 19. f3 b5 20. g4 Qh7 21. c5 Nd5 22. Rdg1 Bg5 23. Bxg5 hxg5 24. Ne4 Nf4 25. Qd2 Qh6 26. Nd6 Rfd8 27. Re1 Rxd6 28. cxd6 Rd8 29. Kb1 Rxd6 30. Re4 Qf6 31. h6 gxh6 32. Qb4 Rd5 33.
Rd1 Kg7 34. a4 c5 35. Qxb5 cxd4 36. Qa6 d3 37. Qxa7 Ne2 38. Qe3 Nf4 39. Qb6 Ne2 40. Qe3 Nf4 41. Qb6 Qe7 42. a5 Rd6 43. Qb4 Qd7 44.
Qc3+ Kg6 45. Rxf4 gxf4 46. Rd2 f6 47. b4 e5 48. Kb2 Rd4 49. Ka3 Qd5 50. a6 Qxf3 51.
Qc8 Qd5 52. a7 Rc4 53. a8=Q Rc3+ 54. Qxc3 Qxa8+ 55. Kb3 e4 56. Qd4 Qg8+ 57. Qc4 Qe8 58. Qd5 f3 59. Qf5+ Kg7 60. Rh2 Qf7+ 61. Kb2 Qa7 62.
Qxe4 f2 63. g5 f1=Q 64. gxh6+ Kf8 65. Qc4 Qfa1+ 66. Kb3 Q7a2+ 67. Rxa2 Qb1+ 68. Rb2 Qd1+ 69. Ka3 Qa1+ 70. Qa2 Qc1 71. b5 Qc3+ 72. Ka4 Qd4+ 73. Ka5 Qa7+ 74. Kb4 Qd4+ 75. Ka5 Qa7+ 76. Kb4 Qd4+ 77.
Kb3 Qd5+ 78. Kc3 Qe5+ 79. Kxd3 Qf5+ 80. Kc4 Qe4+ 81. Kb3 Qd5+ 82. Kb4 Qd4+ 83. Ka5 Qa7+ 84. Kb4 Qd4+ 85. Ka3 Qc5+ 86. Rb4 Qa7+ 87. Kb2 Qe3 88. Qb3 Qd2+ 89. Ka3 Qd6 90. b6 f5 91. Qc3 f4 92. Qc8+ Ke7 93. Qc7+ Qxc7 94. bxc7 Kd7 95. Rxf4 1-0

[Event "Early-Titled-Tuesday-Blitz-September-12-2023"]
[Site "Chess.com"]
[Date "2023.09.12"]
[Round "4"]
[White "mitrabhaa"]
[Black "artooon"]
[Result "1-0"]
[WhiteElo "2867"]
[BlackElo "3044"]
[TimeControl "180+1"]
[EndTime "8:41:39 PDT"]
[Termination "mitrabhaa won by checkmate"]

1. Nf3 Nf6 2. g3 d5 3. Bg2 Bg4 4. O-O e6 5. c4 c6 6. Qb3 Qb6 7. d3 Nbd7 8. Be3 Bc5 9. Bd2 O-O 10. Nc3 Qa6 11. cxd5 exd5 12. Qa4 Qb6 13. Rab1 a5 14. Qc2 Qa6 15. a3 a4 16. Bg5 Rfe8 17. Rfe1 h6 18.
Bxf6 Nxf6 19. h3 Bh5 20. e3 Bd6 21. Nh4 Nd7 22. d4 Be7 23. Bf1 Qa7 24. Qf5 Bxh4 25. Qxh5 Bd8 26. Bd3 Nf6 27. Qf5 Qb8 28. Rbc1 Qd6 29.
Bc2 g6 30. Qf3 b5 31. Na2 Ba5 32. Re2 Kg7 33. Bd3 Rac8 34. Rec2 Nd7 35. Bxb5 Qb8 36. Bxc6 Re7 37. Qxd5 Rxe3 38. fxe3 Qxg3+ 39. Qg2 Qxe3+ 40. Kh1 Nf6 41. Nb4 Nh5 42. Bf3 Nf4 43. Qg3 Qxc1+ 44. Rxc1 Rxc1+ 45. Kh2 Bc7 46. d5 Nh5 47. d6 Nxg3 48.
dxc7 Nf1+ 49. Kg2 Ne3+ 50. Kf2 Nf5 51. Nc6 Rc2+ 52. Ke1 Nd6 53. Kd1 Rc5 54. Kd2 Kf6 55. Kd3 Ke6 56. Kd4 Rc4+ 57. Kd3 Rc1 58. Kd2 Rc5 59.
Kd3 Kd7 60. Nb8+ Kc8 61. Na6 Ra5 62. Nb4 Kxc7 63. Nd5+ Kd8 64. Kd4 Rb5 65. Nb4 h5 66. Bd1 Ra5 67. Nc6+ Kc7 68. Nxa5 Nf5+ 69. Ke5 Kb6 70.
Nc4+ Kc5 71. Nd2 Ne3 72. Bxa4 g5 73. Be8 g4 74. hxg4 h4 75. Bxf7 h3 76. Nf3 Nxg4+ 77. Kf4 h2 78. Nxh2 Nxh2 79. Bg6 Nf1 80. Bd3 Nd2 81.
Ke3 Nb3 82. Be2 Kb6 83. Kd3 Nc5+ 84. Kc4 Nd7 85. b4 Ne5+ 86. Kd4 Nc6+ 87. Kd5 Ne7+ 88. Kc4 Nc6 89. a4 Ne5+ 90. Kc3 Nc6 91. Bd3 Ne5 92.
Be4 Ka6 93. Kd4 Nf7 94. Kc5 Nd8 95. Bd3+ Kb7 96. Be4+ Ka6 97. Bd5 Ka7 98. Kd6 Kb6 99. Kd7 Nb7 100. Bxb7 Ka7 101. Kd6 Kb8 102. Bd5 Ka7 103.
a5 Ka6 104. Bc4+ Ka7 105. b5 Kb7 106. b6 Ka8 107. a6 Kb8 108. Be6 Ka8 109. b7+ Kb8 110. Bd7 Ka7 111. Kc7 Kxa6 112. b8=Q Ka5 113. Qb5# 1-0

[Event "Early-Titled-Tuesday-Blitz-September-12-2023"]
[Site "Chess.com"]
[Date "2023.09.12"]
[Round "5"]
[White "Good_Knight_Kiss"]
[Black "APOKALIPSA13"]
[Result "0-1"]
[WhiteElo "2395"]
[BlackElo "2255"]
[TimeControl "180+1"]
[EndTime "8:50:48 PDT"]
[Termination "APOKALIPSA13 won by resignation"]

1. e4 e5 2. Nf3 d5 3. exd5 e4 4. Qe2 Nf6 5. Nc3 Be7 6. Nxe4 O-O 7. Nxf6+ Bxf6 8. d4 Qxd5 9. Be3 Bg4 10. h3 Bh5 11.
g4 Bg6 12. Bg2 Re8 13. O-O Nc6 14. Ne5 Nxd4 15. Bxd4 Qxd4 16. Nf3 Rxe2 0-1

[Event "Early-Titled-Tuesday-Blitz-September-12-2023"]
[Site "Chess.com"]
[Date "2023.09.12"]
[Round "5"]
[White "Djager97"]
[Black "temus_galaktionov"]
[Result "0-1"]
[WhiteElo "2550"]
[BlackElo "2820"]
[TimeControl "180+1"]
[EndTime "8:50:49 PDT"]
[Termination "temus_galaktionov won by resignation"]

1. e4 c6 2. d4 g6 3. Nc3 d6 4. f4 Bg7 5. Nf3 Nd7 6. Bd3 e5 7. dxe5 dxe5 8. f5 Ngf6 9. O-O O-O 10. Kh1 Nc5 11. Nxe5 Re8 12. Nxf7 Kxf7 13. e5 Nxd3 14. exf6 Nf2+ 0-1

[Event "Early-Titled-Tuesday-Blitz-September-12-2023"]
[Site "Chess.com"]
[Date "2023.09.12"]
[Round "5"]
[White "JiaHaoxiang"]
[Black "HrvojeZagreb"]
[Result "1-0"]
[WhiteElo "2600"]
[BlackElo "2275"]
[TimeControl "180+1"]
[EndTime "8:51:10 PDT"]
[Termination "JiaHaoxiang won by checkmate"]

1. d4 e6 2. Nf3 f5 3. Bf4 Nf6 4. e3 d6 5. Nbd2 Be7 6. h3 O-O 7. g4 Nc6 8. c3 e5 9. dxe5 dxe5 10. Nxe5 Nxe5 11. Bxe5 Qd5 12. Bc4 Qxc4 13. Nxc4 fxg4 14.
hxg4 Bxg4 15. Qb3 Kh8 16. Bg3 Ne4 17. Ne5 Nxg3 18. Ng6# 1-0